 Dungeon Crawl Stone Soup version 0.32-a0-30-gefbe487952 (webtiles) character file.

Game seed: 13902500077532197111

446 popopopopop the Cutter (level 7, -7/5 HPs)
             Began as a Human Wanderer on Jan 19, 2024.
             Was an Elder of Jiyva.
             Shot with an arrow by a centaur (12 damage)
             ... on level 6 of the Dungeon.
             The game lasted 00:26:52 (2470 turns).

popopopopop the Cutter (Human Wanderer)             Turns: 2470, Time: 00:26:52

Health: -7/5       AC:  0    Str: 18    XL:     7   Next: 3%
Magic:  9/9        EV: 12    Int:  9    God:    Jiyva [****..]
Gold:   102        SH:  0    Dex: 16    Spells: 7/10 levels left

rFire   . . .        g - melded +1 dagger (speed)
rCold   . . .        (shield currently unavailable)
rNeg    . . .        h - melded +2 robe {Will+}
rPois   ∞            (helmet currently unavailable)
rElec   +            (cloak currently unavailable)
rCorr   +            (gloves currently unavailable)
SInv    .            (boots currently unavailable)
Will    .....        (no amulet)
Stlth   ++           q - ring of poison resistance
HPRegen 1.48/turn    (no ring)
MPRegen 0.75/turn

%: no passive effects
@: storm-form, flying
A: cleaving, insubstantial, flying, reduced hp, explore regen, (hooves 2),
(horns 1), low MP 1, strong 2
a: Blinkbolt, Begin Untransformation, Renounce Religion, Oozemancy, Slimify


You were on level 6 of the Dungeon.
You worshipped Jiyva.
Jiyva was greatly pleased with you.
You were a lightning-filled tempest!
You visited 1 branch of the dungeon, and saw 6 of its levels.

You collected 102 gold pieces.

Inventory:

Hand Weapons
 a - a +0 falchion
 g - a +1 dagger of speed (melded)
 k - a +3 spear of flaming
Armour
 d - a +1 robe
 h - a +2 robe of willpower (melded)
 n - a +1 robe of positive energy
 p - a +0 pair of boots
Jewellery
 q - a ring of poison resistance (left fist)
Talismans
 b - a storm talisman (active)
 e - a beast talisman
Wands
 o - a wand of flame (8)
Scrolls
 c - a scroll of silence
 f - 5 scrolls of identify
 j - a scroll of revelation
Potions
 i - 2 potions of mutation
 l - a potion of curing
 m - a potion of heal wounds


   Skills:
 + Level 2.2 Fighting
 + Level 4.0(4.8) Short Blades
 + Level 3.9(4.7) Long Blades
 + Level 2.0 Dodging
 + Level 0.9 Stealth
 + Level 2.4 Spellcasting
 + Level 2.3 Translocations
 + Level 3.9 Evocations


You had 7 spell levels left.
You knew the following spells:

 Your Spells              Type           Power      Damage    Failure   Level
a - Apportation           Tloc           10%        N/A       12%         1
b - Blink                 Tloc           10%        N/A       19%         2

Your spell library contained the following spells:

 Spells                   Type           Power      Damage    Failure   Level
 Passage of Golubria      Tloc           5%         N/A       77%         4


Dungeon Overview and Level Annotations

Branches:
Dungeon (6/15)
 Temple: D:4-7

Altars:
The Shining One
Jiyva


Innate Abilities, Weirdness & Mutations

You are a lightning-filled tempest!
Your electrical attacks strike out in all directions at once.
You are incredibly evasive.
Your insubstantial body is immune to petrification, constriction, and being set on fire You are flying.
Your maximum health is decreased, since you lack skill for your form.
Your armour is entirely melded.
You are incapable of wielding weapons or throwing items.
You are immune to poison.
You regain HP and MP as you explore.
((You have hoof-like feet.))
((You have a pair of small horns on your head.))
Your magical capacity is low. (-10% MP)
Your muscles are very strong. (Str +8, Int/Dex -2)


Message History

There is an open door here.
Found 17 gold pieces and a scroll of identify.
You now have 102 gold pieces (gained 17).
f - 5 scrolls of identify (gained 1)
You can now turn your foes to slime.
Found a stone staircase leading up.
You hear a series of splatters.
There is a stone staircase leading up here.
You hear a distant slurping noise.
You hear a distant slurping noise. x2
You hear a distant slurping noise.
A quokka comes into view.
You hit the quokka.
The quokka is moderately wounded.
The quokka closely misses you. The quokka bites you.
Ouch! That really hurt!
You hear a distant slurping noise.
You hit the quokka but do no damage. Lightning courses through the quokka!
You kill the quokka!
You hear a distant slurping noise.
You hear a distant slurping noise.
You hear a distant slurping noise.
You hear a distant slurping noise.
Jiyva gurgles merrily.
You swap places.
You hear a distant slurping noise.
You swap places.
Found a stone staircase leading down.
There is a stone staircase leading down here.
There is a stone staircase leading down here.
You fly downwards.
You hear the sound of rushing water.
There is an entrance to a sewer on this level.
Hurry and find it before the portal rusts away!
Found 3 gold pieces.
Found an escape hatch in the ceiling.
There is a stone staircase leading up here.
The centaur shouts!
You hear a shout!
The centaur wields a +0 orcbow.
The centaur shoots an arrow.
The arrow hits you!
Ouch! That really hurt!
You die...

.. #. #. #. # #.
#.#.##.######.###
#........<.......
.....$.v..###.###
..........#
.........<#
............
...c......##.
..........# ..
..........# .
...........


You could see a centaur.

Vanquished Creatures
  A phantom (D:5)
  Blork the orc (D:5)
  A crimson imp (D:3)
  2 bombardier beetles
  A hound (D:5)
  Jessica (D:2)
  An iguana (D:4)
  3 gnolls (D:4)
  6 adders
  A river rat (D:5)
  A ribbon worm (D:5)
  A dart slug (D:4)
  An orc (D:4)
  A giant cockroach (D:1)
  6 goblins
  2 hobgoblins
  5 quokkas
  7 ball pythons
  2 bats
  3 goblin skeletons (D:3)
  2 hobgoblin zombies (D:3)
  4 kobolds
  2 kobold zombies (D:3)
  An orc zombie (D:3)
  6 rats
62 creatures vanquished.

Vanquished Creatures (others)
  2 jellies (D:3)
  A sleepcap (D:3)
  Natasha (D:3)
  2 adders (D:2)
  3 endoplasms (D:4)
  2 goblins (D:4)
  A kobold (D:2)
12 creatures vanquished.

Grand Total: 74 creatures vanquished

Notes
Turn   | Place    | Note
-------+----------+-------------------------------------------
     0 | D:1      | popopopopop the Human Wanderer began the quest for the Orb.
     0 | D:1      | popopopopop set off with the following items: a +0
                  | falchion, a wand of polymorph (6), a scroll of silence, a
                  | +0 robe; and the following spell memorised: Apportation;
                  | and the following spells available to memorise: Blink,
                  | Passage of Golubria.
     0 | D:1      | Reached XP level 1. HP: 13/13 MP: 3/3
   214 | D:1      | Found a faded altar of an unknown god.
   218 | D:1      | Prayed at the altar of an unknown god.
   218 | D:1      | Became a worshipper of Jiyva Jefomn the Shapeless
   218 | D:1      | Reached * piety under Jiyva
   237 | D:1      | Found Hunaggel's General Store.
   297 | D:1      | Reached XP level 2. HP: 19/19 MP: 5/5
   562 | D:2      | Noticed Jessica
   581 | D:2      | Killed Jessica
   582 | D:2      | Reached XP level 3. HP: 16/24 MP: 6/6
   727 | D:2      | Reached ** piety under Jiyva
   751 | D:2      | Reached XP level 4. HP: 25/31 MP: 7/7
   781 | D:2      | Gained mutation: Your magical capacity is low. (-10% MP)
                  | [potion of mutation]
   781 | D:2      | Gained mutation: You have a pair of small horns on your
                  | head. [potion of mutation]
   841 | D:2      | Reached skill level 1 in Short Blades
   989 | D:2      | Learned a level 2 spell: Blink
  1133 | D:3      | Found a glowing golden altar of the Shining One.
  1304 | D:4      | Reached skill level 1 in Dodging
  1335 | D:4      | Reached skill level 1 in Fighting
  1335 | D:4      | Reached XP level 5. HP: 13/37 MP: 7/7
  1400 | D:4      | Reached *** piety under Jiyva
  1618 | D:3      | Reached skill level 2 in Short Blades
  1732 | D:3      | Killed Natasha
  1754 | D:3      | Gained mutation: Your muscles are strong. (Str +4, Int/Dex
                  | -1) [Jiyva's grace]
  1754 | D:3      | Gained mutation: Your muscles are very strong. (Str +8,
                  | Int/Dex -2) [Jiyva's grace]
  1754 | D:3      | Gained mutation: You have large cloven feet. [Jiyva's
                  | grace]
  1754 | D:3      | Gained mutation: You have hoof-like feet. [Jiyva's grace]
  1843 | D:4      | Identified the +1 leather armour "Xycaes" {Rampage SInv}
  2021 | D:5      | Entered Level 5 of the Dungeon
  2051 | D:5      | Reached skill level 3 in Short Blades
  2051 | D:5      | Reached XP level 6. HP: 38/44 MP: 8/8
  2068 | D:5      | Noticed Blork the orc
  2086 | D:5      | Killed Blork the orc
  2234 | D:5      | Reached skill level 4 in Short Blades
  2234 | D:5      | Reached XP level 7. HP: 47/50 MP: 9/9
  2385 | D:5      | Reached **** piety under Jiyva
  2470 | D:6      | Shot with an arrow by a centaur

Illustrated notes

Levels and vault maps discovered:
D:1:      dpeg_arrival_rhombi, layout_loops_ring,
          hellmonk_ecumenical_altar_leap_of_faith, serial_shops,
          nicolae_shop_competitors_out_of_business
D:2:      layout_loops_corners, uniq_jessica
D:3:      layout_loops_ring, nicolae_tso_besieged_by_evil, hellmonk_no_cap,
          uniq_crazy_yiuf_cottage, uniq_natasha
D:4:      layout_basic, amethyst_overflow_temple_binary,
          serial_co_window_serial, co_window_corner_a, co_window_paths_a,
          co_window_corner_a, co_window_paths_a, co_window_corner_a,
          co_window_paths_a, co_window_paths_a, co_window_corner_ca,
          co_window_of_opportunity_c, co_window_2corner, glass_columns_b,
          glass_columns_b, glass_columns_a, glass_columns_b, uniq_ijyb
D:5:      layout_basic, uniq_blork_the_orc
D:6:      cheibrodos_fertilizer, layout_basic, gup_sewer_entry_bubbles,
          uniq_menkaure

Skill      XL: |  1  2  3  4  5  6 |
---------------+-------------------+-----
Short Blades   | 1 3 4 |  4.0
Dodging        | 1 2 |  2.0
Fighting       | 1 2 |  2.2
Long Blades    | |  3.9
Stealth        | |  0.9
Spellcasting   | |  2.4
Translocations | |  2.3
Evocations     | |  3.9

Action                     |  1- 3 |  4- 6 |  7- 9 || total
---------------------------+-------+-------+-------++-------
  Melee: Falchion          |    22 |       |       ||    22
         Dagger            |    61 |   245 |       ||   306
         Punch             |     1 |     1 |       ||     2
         Headbutt          |       |    51 |       ||    51
         Kick              |       |    25 |       ||    25
         Unarmed           |       |       |     2 ||     2
   Cast: Apportation       |     3 |       |       ||     3
         Blink             |       |     2 |       ||     2
  Evoke: Wand              |       |    10 |       ||    10
    Use: Scroll            |     3 |     5 |       ||     8
         Potion            |       |     3 |       ||     3
   Stab: Sleeping          |       |     1 |       ||     1
 Armour: Robe              |    46 |    98 |       ||   144
         Skin              |       |       |     2 ||     2
  Dodge: Dodged            |    28 |   108 |     1 ||   137
   Form: Storm             |       |       |     1 ||     1

Table legend: (Time is in decaauts)
 A = Elapsed time spent in this place.
 B = Non-inter-level travel time spent in this place.
 C = Inter-level travel time spent in this place.
 D = Time resting spent in this place.
 E = Time spent auto-exploring this place.
 F = Levels seen in this place.
 G = Mean time per level.
                   A        B        C        D        E       F      G
               +--------+--------+--------+--------+--------+-----+--------+
         Total |   2337 |    717 |   1620 |      0 |      0 |   6 |  389.5 |
       Dungeon |   2337 |    717 |   1620 |      0 |      0 |   6 |  389.5 |
               +--------+--------+--------+--------+--------+-----+--------+

Top non-repeatable levels by time:
     D:1: 555 daAuts
     D:4: 492 daAuts
     D:2: 465 daAuts
     D:5: 415 daAuts
     D:3: 406 daAuts
     D:6: 1 daAuts
